 Dungeon Crawl Stone Soup version 0.31-a0-574-g69dc8cc98e (webtiles) character file.

Game seed: 6369953372129264998

62 Xavori the Trooper (level 4, -12/33 HPs)
             Began as an Octopode Chaos Knight on Aug 18, 2023.
             Was a Plaything of Xom.
             Mangled by Sigmund
             ... wielding a +7 scythe of protection
              (17 damage)
             ... on level 3 of the Dungeon.
             The game lasted 00:01:44 (11869 turns).

Xavori the Trooper (Octopode Chaos Knight)         Turns: 11869, Time: 00:01:45

Health: -12/33     AC:  2    Str: 10    XL:     4   Next: 8%
Magic:  4/4        EV: 14    Int: 13    God:    Xom [...*..]
Gold:   160        SH:  0    Dex: 17    Spells: 3/3 levels left

rFire   . . .        a - +0 short sword (chaos)
rCold   + . .        (no shield)
rNeg    . . .        j - +1 hat {Stlth+}
rPois   .            (no amulet)
rElec   .            (no ring)
rCorr   .            (no ring)
SInv    .            (no ring)
Will    .....        (no ring)
Stlth   ++++         (no ring)
HPRegen 0.25/turn    (no ring)
MPRegen 0.09/turn    (no ring)
                     (no ring)

%: no passive effects
@: no status effects
A: almost no armour, amphibious, 8 rings, camouflage 1, gelatinous body 1,
(nimble swimmer 1), tentacles, agile 1, cold resistance 1, sense surroundings 1,
screaming 1, MP-powered wands, noise suppression
a: Renounce Religion


You were on level 3 of the Dungeon.
You worshipped Xom.
You were a favourite toy of Xom.
You visited 1 branch of the dungeon, and saw 3 of its levels.

You collected 160 gold pieces.

Inventory:

Hand Weapons
 a - a +0 short sword of chaos (weapon)
Armour
 j - a +1 hat of stealth (worn)
Jewellery
 i - a +4 ring of slaying
 n - a +6 ring of strength
Scrolls
 b - a scroll of butterflies
 d - a scroll of blinking {unknown}
 e - a scroll of torment {unknown}
 f - a scroll of identify {unknown}
 m - a scroll of teleportation {unknown}
Potions
 c - 2 potions of heal wounds {unknown}
 g - 2 potions of haste {unknown}
 h - a potion of might {unknown}
 k - a potion of curing {unknown}
 l - a potion of enlightenment {unknown}
 o - a potion of degeneration {unknown}


   Skills:
 + Level 3.7 Fighting
 + Level 3.3 Short Blades
 + Level 2.8 Dodging
 + Level 2.9 Stealth


You had 3 spell levels left.
You didn't know any spells.
Your spell library was empty.

Dungeon Overview and Level Annotations

Branches:
Dungeon (3/15)

Altars:
Xom

Annotations:
D:3 Sigmund


Innate Abilities, Weirdness & Mutations

You cannot wear most types of armour.
You are amphibious.
You can wear up to eight rings at the same time.
Your skin changes colour to match your surroundings (Stealth+).
Your rubbery body absorbs attacks. (AC +1, EV +1)
((You are camouflaged when in or above water. (Stealth+)))
You have tentacles for arms and can constrict up to eight enemies at once.
You are agile. (Dex +4, Str/Int -1)
Your flesh is cold resistant. (rC+)
You passively map a small area around you.
You occasionally shout uncontrollably at your foes.
You expend magic power (3 MP) to strengthen your wands.
You passively dampen the noise of your surroundings.


Message History

Sigmund is engulfed in seething chaos.
Sigmund seems to slow down.
Xom is mildly amused. x2
Sigmund hits you from afar with a +7 scythe of protection!
The ball python is engulfed in seething chaos.
The ball python closely misses you.
The ball python misses you. "Never liked these squiggly things."
The ball python reforms as a club.
Sigmund is no longer moving slowly.
There is an open door here.
Sigmund is engulfed in seething chaos. x2
Sigmund points at you and mumbles some strange words.
The puff of flame hits you.
Xom momentarily opens a gate.
Sigmund is engulfed in seething chaos.
Sigmund goes berserk!
Xom is mildly amused.
Xom guffaws.
A swirling arc of seething chaos appears!
The arc of chaos hits your shadow imp!
Your shadow imp is severely wounded.
The arc of chaos hits your white imp.
Your white imp suddenly seems more agile.
Sigmund is engulfed in seething chaos.
Your shadow imp degenerates into a cloud of primal chaos!
Sigmund hits you from afar with a +7 scythe of protection!
* * * LOW HITPOINT WARNING * * *
Unknown command.
What are your orders? t - Yell!
Orders for allies: a - Attack new target. r - Retreat! s - Stop attacking. g - Guard the area. f - Follow me.
Anything else - Cancel.
Gang up on whom?
Press: ? - help, Dir - move target, f - Sigmund
Aim: Sigmund, wielding a +7 scythe of protection and wearing a +0 robe (berserk, pursuing quickly, ally target) Attack!
Sigmund hits you from afar with a +7 scythe of protection!
Ouch! That really hurt!
You die...
Sigmund begins carving another notch in his scythe.
Xom guffaws!

, #..........#
##..........#
.$.=........# ,
#......)...###
, ,
..........^>..#
*
.#.#####§##.#!#
#<#...@§#,.#,#
###.#§§.#, # *
, ,#...@5#.#, *
* *
#.#.5......# *
* * ,*
,##....#..# ,,,
*, .....#....,
* * *
***#####.#
.###* ,, , ,
#.# # ####.#,
*.# #<...#, ,
,, ###♣,
####...# . #..+


You could see Sigmund (berserk, pursuing, ally target) and 2 friendly white
imps.

Vanquished Creatures
  An adder (D:2)
  A worm (D:2)
  A dart slug (D:1)
  5 endoplasms
  A giant cockroach (D:1)
  9 goblins
  7 hobgoblins
  5 kobolds
  5 ball pythons
  3 bats (D:1)
  4 frilled lizards
  3 rats
45 creatures vanquished.

Notes
Turn   | Place    | Note
-------+----------+-------------------------------------------
     0 | D:1      | Xavori the Octopode Chaos Knight began the quest for the
                  | Orb.
     0 | D:1      | Reached XP level 1. HP: 16/16 MP: 1/1
    29 | D:1      | XOM: divination: detect creatures
    31 | D:1      | XOM: silly message
    80 | D:1      | Reached XP level 2. HP: 21/21 MP: 2/2
   366 | D:1      | XOM: divination: detect items
   392 | D:1      | XOM: butterfly on damage
   448 | D:1      | Reached XP level 3. HP: 26/26 MP: 3/3
  2039 | D:1      | XOM: torment (15/27 hp)
  2219 | D:1      | XOM: god gift: +1 hat of stealth
  2526 | D:1      | XOM: give mutations
  2526 | D:1      | Gained mutation: You passively map a small area around you.
                  | [Xom's grace]
  2526 | D:1      | Gained mutation: Your flesh is cold resistant. (rC+) [Xom's
                  | grace]
  2563 | D:1      | XOM: divination: detect items
  2707 | D:1      | XOM: give mutations
  2707 | D:1      | Gained mutation: A frigid envelope surrounds you and
                  | freezes all who hurt you. [Xom's grace]
  2707 | D:1      | Gained mutation: Your natural rate of healing is unusually
                  | fast. [Xom's grace]
  2707 | D:1      | Gained mutation: You passively dampen the noise of your
                  | surroundings. [Xom's grace]
  2879 | D:1      | XOM: give mutations
  2879 | D:1      | Gained mutation: You expend magic power (3 MP) to
                  | strengthen your wands. [Xom's grace]
  2879 | D:1      | Gained mutation: One of your tentacles bears a spike.
                  | [Xom's grace]
  3043 | D:1      | XOM: god gift: 44 gold pieces
  3130 | D:1      | XOM: scenery: summon butterflies
  3365 | D:1      | XOM: scenery: create altars
  3511 | D:1      | XOM: scenery: summon butterflies
  4061 | D:1      | XOM: god gift: 19 gold pieces
  4343 | D:1      | XOM is BORED!
  4343 | D:1      | XOM: give mutations
  4343 | D:1      | Lost mutation: One of your tentacles bears a spike. [Xom's
                  | mischief]
  4343 | D:1      | Gained mutation: You are agile. (Dex +4, Str/Int -1) [Xom's
                  | mischief]
  4343 | D:1      | Lost mutation: A frigid envelope surrounds you and freezes
                  | all who hurt you. [Xom's mischief]
  4383 | D:1      | XOM: silly message
  4893 | D:1      | XOM: divination: detect creatures
  6422 | D:1      | XOM: silly message
  7009 | D:1      | XOM: divination: magic mapping
  7684 | D:1      | XOM: divination: detect creatures
  7805 | D:1      | XOM: give mutation
  7805 | D:1      | Lost mutation: Your natural rate of healing is unusually
                  | fast. [Xom's mischief]
  8348 | D:1      | XOM: silly message
  8430 | D:1      | XOM: give mutation
  8430 | D:1      | Gained mutation: You occasionally shout uncontrollably at
                  | your foes. [Xom's mischief]
  9002 | D:1      | XOM: silly message
  9026 | D:1      | XOM: silly message
  9336 | D:1      | XOM is BORED!
  9336 | D:1      | XOM: silly message
  9653 | D:1      | XOM is BORED!
  9653 | D:1      | XOM: silly message
  9946 | D:2      | Reached skill level 1 in Stealth
 10109 | D:2      | XOM: cloud trail
 10179 | D:2      | Found a faded altar of an unknown god.
 10643 | D:2      | Reached XP level 4. HP: 33/33 MP: 4/4
 11728 | D:2      | XOM: summons 3 hostile demons
 11845 | D:3      | XOM: cloud trail
 11859 | D:3      | Noticed Sigmund
 11859 | D:3      | XOM: 4-stop teleportation journey
 11864 | D:3      | XOM: snakes to sticks
 11867 | D:3      | XOM: summons 4 friendly demons
 11868 | D:3      | XOM: cast spell 'Chain of Chaos'
 11869 | D:3      | Mangled by Sigmund

Illustrated notes

Levels and vault maps discovered:
D:1:      minmay_arrival_shoal_huts, layout_basic, minmay_pentomino_p4
D:2:      layout_loops_corners, hellmonk_ecumenical_altar_prayer_group
D:3:      layout_basic, hellmonk_no_cap, uniq_grinder, uniq_natasha,
          uniq_sigmund

Skill      XL: |  1  2  3 |
---------------+----------+-----
Stealth        | 2 |  2.9
Fighting       | |  3.7
Short Blades   | |  3.3
Dodging        | |  2.8

Action                     |  1- 3 |  4- 6 || total
---------------------------+-------+-------++-------
  Melee: Short sword       |    88 |       ||    88
         Tentacles         |    13 |       ||    13
         Constrict         |    17 |       ||    17
   Stab: Sleeping          |    12 |       ||    12
         Paralysed         |     2 |       ||     2
 Armour: Skin              |     4 |       ||     4
  Dodge: Dodged            |    38 |     4 ||    42

Table legend: (Time is in decaauts)
 A = Elapsed time spent in this place.
 B = Non-inter-level travel time spent in this place.
 C = Inter-level travel time spent in this place.
 D = Time resting spent in this place.
 E = Time spent auto-exploring this place.
 F = Levels seen in this place.
 G = Mean time per level.
                   A        B        C        D        E       F      G
               +--------+--------+--------+--------+--------+-----+--------+
         Total |  11856 |  11798 |     58 |  10218 |   1278 |   3 | 3952.0 |
       Dungeon |  11856 |  11798 |     58 |  10218 |   1278 |   3 | 3952.0 |
               +--------+--------+--------+--------+--------+-----+--------+

Top non-repeatable levels by time:
     D:1: 9845 daAuts
     D:2: 1869 daAuts
     D:3: 141 daAuts
